Lightning vs Bruins
Created - January 10, 2019 at 19:45
Goals
|
| Lightning |
0 |
0 |
1 |
1 |
| Bruins |
1 |
1 |
0 |
2 |
|
Shots
|
| Lightning |
9 |
9 |
15 |
33 |
| Bruins |
10 |
11 |
13 |
34 |
|
1st period
1. Bruins , Kevin Bieksa 3 (Torey Krug 10) at 3:19
Penalties :
Kris Versteeg (TB.) for Charging (Minor) at 3:57, Henrik Zetterberg (TB.) for Interference (Minor) at 8:42, Danny Richmond (TB.) for Tripping (Minor) at 11:39, Jason Demers (Bos) for Holding (Minor) at 15:30
2nd period
2. Bruins , Jason Demers 7 (Shane O'Brien 14, Wojtek Wolski 32) at 11:49 (PP)
Penalties :
Danny Richmond (TB.) for Holding (Minor) at 5:13, Kris Versteeg (TB.) for Roughing (Minor) at 11:34, Kevin Bieksa (Bos) for Hooking (Minor) at 12:34, Kevin Bieksa (Bos) for Roughing (Minor) at 17:35
3rd period
3. Lightning , Jan Bulis 7 (Gabriel Landeskog 6, Steve Bernier 10) at 0:53
Penalties :
John Carlson (TB.) for Charging (Minor) at 3:51, Nathan Horton (Bos) for Holding (Minor) at 8:51, Shane O'Brien (Bos) for Holding (Minor) at 19:41
Goalie Stats
Jaroslav Halak (TB.), 32 saves from 34 shots - (0.941), L, 16-11-3, 58:48 minutes
Kevin Poulin (Bos), 32 saves from 33 shots - (0.970), W, 15-13-2, 60:00 minutes
Players Stats for Lightning
Player Name G A P +/- PIM S H SB GA TA FO MP PP MP PK MP
------------------------------------------------------------------------------------
Andy Rogers 0 0 0 0 0 1 1 0 0 1 0/0 20:06 2:39 4:28
Daniel Carcillo 0 0 0 0 0 0 0 0 1 0 0/0 15:05 4:00 0:16
Danny Richmond 0 0 0 0 4 2 1 1 0 0 0/0 18:31 2:39 2:37
Gabriel Landeskog 0 1 1 1 0 1 0 0 0 0 1/1 12:07 0:00 1:35
Henrik Zetterberg 0 0 0 -1 2 5 2 0 1 1 3/3 20:02 4:14 2:36
Jan Bulis 1 0 1 1 0 4 1 1 0 0 2/9 13:26 0:00 2:48
Jeff Schultz 0 0 0 0 0 0 3 2 1 1 0/0 29:38 5:35 5:56
John Carlson 0 0 0 0 2 4 3 0 1 1 0/0 28:46 5:35 4:35
Jordan Nolan 0 0 0 0 0 2 4 0 1 0 8/13 18:42 4:00 3:48
Justin Schultz 0 0 0 0 0 1 0 0 0 0 0/0 10:32 0:00 0:00
Kris Versteeg 0 0 0 -1 4 2 3 1 2 0 0/3 22:14 4:14 4:04
Kurt Sauer 0 0 0 0 0 2 1 1 0 1 0/0 13:16 0:00 2:44
Mikael Backlund 0 0 0 0 0 1 1 0 0 0 1/2 6:12 0:00 0:00
Pierre-Luc Létourneau 0 0 0 0 0 1 0 0 0 0 0/1 6:12 0:00 0:00
Reilly Smith 0 0 0 0 0 0 1 0 1 1 0/0 6:12 0:00 0:00
Robert Nilsson 0 0 0 -1 0 4 2 1 0 0 14/33 23:24 4:14 5:13
Sheldon Keefe 0 0 0 0 0 0 2 0 0 0 0/0 14:49 4:00 0:00
Steve Bernier 0 1 1 1 0 3 2 0 0 0 0/0 10:30 0:00 0:00
Players Stats for Bruins
Player Name G A P +/- PIM S H SB GA TA FO MP PP MP PK MP
------------------------------------------------------------------------------------
Casey Cizikas 0 0 0 0 0 0 0 0 0 0 0/1 6:13 0:00 0:28
Dave Bolland 0 0 0 0 0 1 0 0 0 0 2/6 10:11 0:08 0:00
Henrik Sedin 0 0 0 0 0 4 1 0 0 0 20/32 23:40 5:22 4:45
Jason Demers 1 0 1 -1 2 5 0 1 1 4 0/0 25:46 6:06 3:46
Justin Faulk 0 0 0 0 0 1 1 2 1 0 0/0 10:56 0:00 0:00
Kevin Bieksa 1 0 1 1 4 1 2 2 0 1 0/0 21:02 4:04 1:51
Kris Chucko 0 0 0 0 0 1 0 1 0 0 1/1 6:50 0:00 1:10
Matt Cooke 0 0 0 0 0 0 1 2 0 0 0/1 17:00 4:40 0:00
Nathan Horton 0 0 0 0 2 0 1 0 0 0 1/4 20:27 5:30 1:46
Nikolai Zherdev 0 0 0 0 0 2 0 0 0 1 0/0 5:34 0:00 0:00
Rene Bourque 0 0 0 0 0 0 0 1 1 0 0/0 11:42 0:00 1:16
Shane O'Brien 0 1 1 -1 2 2 0 1 1 0 0/0 26:31 6:06 4:45
Stefan Elliott 0 0 0 0 0 2 0 0 0 0 0/0 13:58 0:00 2:55
Tim Connolly 0 0 0 0 0 2 0 1 0 0 6/10 19:22 4:40 2:17
Torey Krug 0 1 1 1 0 2 1 0 0 0 0/0 22:02 4:04 3:11
Victor Oreskovich 0 0 0 0 0 3 2 0 1 1 0/0 17:00 4:40 0:00
Viktor Stalberg 0 0 0 0 0 3 3 0 0 0 0/1 10:00 0:00 0:00
Wojtek Wolski 0 1 1 0 0 5 1 0 1 1 6/9 23:27 5:30 4:46
3 Stars
1 - Kevin Poulin (Bos)
2 - Jan Bulis (TB.)
3 - Jaroslav Halak (TB.)
Power Play
Lightning - 0 on 5 Attempt(s) - 0.00%
Bruins - 1 on 6 Attempt(s) - 16.67%
Penalty Kill
Lightning - 5 on 6 Attempt(s) - 83.33%
- Score 0 goal in Penalty Kill
Bruins - 5 on 5 Attempt(s) - 100.00%
- Score 0 goal in Penalty Kill
Team Stat
Lightning - Hits : 27 - Faceoff Wins : 29 - Blocked Shots : 7 - Penalty Minutes : 12
Bruins - Hits : 13 - Faceoff Wins : 36 - Blocked Shots : 11 - Penalty Minutes : 10
Official
Referees : Unknown
Linesman : Unknown
Game Notes
No Game Note
Finance
Level 1 -- Attendance: 4666 (77.77%) -- Ticket Income $485,264
Level 2 -- Attendance: 3979 (79.58%) -- Ticket Income $254,656
Level 3 -- Attendance: 1946 (97.30%) -- Ticket Income $66,164
Level 4 -- Attendance: 4000 (100.00%) -- Ticket Income $96,000
Luxury Box -- Attendance: 680 (68.00%) -- Ticket Income $131,920
Game was played at the TD Banknorth Garden.
Total Attendance: 15271 (84.84%)
Total Ticket Income: $1,034,004
Other Income: $155,101
Total Income: $1,189,105
Lightning
5 vs 5 Forward
Center Left Wing Right Wing Time % Phy DF OF
1 Robert Nilsson Henrik Zetterberg Kris Versteeg 40 1 2 2
2 Jordan Nolan Daniel Carcillo Sheldon Keefe 30 1 2 2
3 Jan Bulis Gabriel Landeskog Steve Bernier 20 1 2 2
4 Mikael Backlund Pierre-Luc Létourneau Reilly Smith 10 1 2 2
5 vs 5 Defense
Defense Defense Time % Phy DF OF
1 Jeff Schultz John Carlson 40 1 2 2
2 Andy Rogers Danny Richmond 30 1 2 2
3 Justin Schultz Kurt Sauer 20 1 2 2
4 Jeff Schultz John Carlson 10 1 2 2
PowerPlay Forward
Center Left Wing Right Wing Time % Phy DF OF
1 Robert Nilsson Henrik Zetterberg Kris Versteeg 60 1 2 2
2 Jordan Nolan Daniel Carcillo Sheldon Keefe 40 1 2 2
PowerPlay Defense
Defense Defense Time % Phy DF OF
1 Jeff Schultz John Carlson 60 1 2 2
2 Andy Rogers Danny Richmond 40 1 2 2
Penalty Kill 4 Players Forward
Center Wing Time % Phy DF OF
1 Robert Nilsson Kris Versteeg 60 1 2 2
2 Henrik Zetterberg Jordan Nolan 40 1 2 2
Penalty Kill 4 Players Defense
Defense Defense Time % Phy DF OF
1 Jeff Schultz John Carlson 60 1 2 2
2 Andy Rogers Danny Richmond 40 1 2 2
Penalty Kill - 3 Players Forward
Forward Time % Phy DF OF
1 Robert Nilsson 60 1 2 2
2 Kris Versteeg 40 1 2 2
Penalty Kill - 3 Players Defense
Defense Defense Time % Phy DF OF
1 Jeff Schultz John Carlson 60 1 2 2
2 Andy Rogers Danny Richmond 40 1 2 2
4 vs 4 Forward
Center Wing Time % Phy DF OF
1 Robert Nilsson Kris Versteeg 60 1 2 2
2 Henrik Zetterberg Jordan Nolan 40 1 2 2
4 vs 4 Defense
Defense Defense Time % Phy DF OF
1 Jeff Schultz John Carlson 60 1 2 2
2 Andy Rogers Danny Richmond 40 1 2 2
Last Minutes Offensive
Center Left Wing Right Wing Defense Defense
Robert Nilsson Henrik Zetterberg Kris Versteeg Jeff Schultz John Carlson
Last Minutes Defensive
Center Left Wing Right Wing Defense Defense
Robert Nilsson Henrik Zetterberg Kris Versteeg Jeff Schultz John Carlson
Goaltenders
Starting : Jaroslav Halak
Backup : Adam Munro
Extra Forwards
Normal : Steve Bernier, Gabriel Landeskog, Jan Bulis - PP : Steve Bernier, Gabriel Landeskog - PK : Jan Bulis
Extra Defensemen
Normal : Justin Schultz, Kurt Sauer, Andy Rogers - PP : Justin Schultz - PK : Kurt Sauer, Andy Rogers
Penalty Shots
Robert Nilsson, Kris Versteeg, Henrik Zetterberg, Jordan Nolan, Daniel Carcillo
Scratches
Brock McGinn (Healthy)
Bruins
5 vs 5 Forward
Center Left Wing Right Wing Time % Phy DF OF
1 Henrik Sedin Wojtek Wolski Nathan Horton 40 1 2 2
2 Tim Connolly Matt Cooke Victor Oreskovich 30 1 2 2
3 Dave Bolland Viktor Stalberg Rene Bourque 20 1 2 2
4 Casey Cizikas Kris Chucko Nikolai Zherdev 10 1 2 2
5 vs 5 Defense
Defense Defense Time % Phy DF OF
1 Jason Demers Shane O'Brien 40 1 2 2
2 Torey Krug Kevin Bieksa 30 1 2 2
3 Justin Faulk Stefan Elliott 20 1 2 2
4 Jason Demers Shane O'Brien 10 1 2 2
PowerPlay Forward
Center Left Wing Right Wing Time % Phy DF OF
1 Henrik Sedin Wojtek Wolski Nathan Horton 60 1 2 2
2 Tim Connolly Matt Cooke Victor Oreskovich 40 1 2 2
PowerPlay Defense
Defense Defense Time % Phy DF OF
1 Jason Demers Shane O'Brien 60 1 2 2
2 Torey Krug Kevin Bieksa 40 1 2 2
Penalty Kill 4 Players Forward
Center Wing Time % Phy DF OF
1 Wojtek Wolski Henrik Sedin 60 1 2 2
2 Tim Connolly Nathan Horton 40 1 2 2
Penalty Kill 4 Players Defense
Defense Defense Time % Phy DF OF
1 Jason Demers Shane O'Brien 60 1 2 2
2 Torey Krug Kevin Bieksa 40 1 2 2
Penalty Kill - 3 Players Forward
Forward Time % Phy DF OF
1 Wojtek Wolski 60 1 2 2
2 Henrik Sedin 40 1 2 2
Penalty Kill - 3 Players Defense
Defense Defense Time % Phy DF OF
1 Jason Demers Shane O'Brien 60 1 2 2
2 Torey Krug Kevin Bieksa 40 1 2 2
4 vs 4 Forward
Center Wing Time % Phy DF OF
1 Wojtek Wolski Henrik Sedin 60 1 2 2
2 Tim Connolly Nathan Horton 40 1 2 2
4 vs 4 Defense
Defense Defense Time % Phy DF OF
1 Jason Demers Shane O'Brien 60 1 2 2
2 Torey Krug Kevin Bieksa 40 1 2 2
Last Minutes Offensive
Center Left Wing Right Wing Defense Defense
Henrik Sedin Wojtek Wolski Nathan Horton Jason Demers Shane O'Brien
Last Minutes Defensive
Center Left Wing Right Wing Defense Defense
Henrik Sedin Wojtek Wolski Nathan Horton Jason Demers Shane O'Brien
Goaltenders
Starting : Kevin Poulin
Backup : Craig Anderson
Extra Forwards
Normal : Dave Bolland, Viktor Stalberg, Rene Bourque - PP : Dave Bolland, Viktor Stalberg - PK : Rene Bourque
Extra Defensemen
Normal : Justin Faulk, Stefan Elliott, Torey Krug - PP : Justin Faulk - PK : Stefan Elliott, Torey Krug
Penalty Shots
Wojtek Wolski, Henrik Sedin, Tim Connolly, Nathan Horton, Victor Oreskovich
Scratches
Andrew Alberts (Strained Left Elbow Injury), Adam Pelech (Healthy)
% Time on Ice - Lightning
Lines # - Real PCT - Wanted PCT - Time Play
Normal Forward
1 - 32% - 40% - 13:10
2 - 27% - 30% - 10:55
3 - 26% - 20% - 10:30
4 - 15% - 10% - 6:12
Normal Defense
1 - 42% - 40% - 17:03
2 - 31% - 30% - 12:27
3 - 26% - 20% - 10:32
4 - 2% - 10% - 0:45
PP Forward
1 - 51% - 60% - 4:14
2 - 49% - 40% - 4:00
PP Defense
1 - 68% - 60% - 5:35
2 - 32% - 40% - 2:39
PK Forward
1 - 65% - 60% - 6:39
2 - 35% - 40% - 3:31
PK Defense
1 - 57% - 60% - 5:50
2 - 43% - 40% - 4:20
PK3 Forward
1 - 0% - 60%
2 - 0% - 40%
PK3 Defense
1 - 0% - 60%
2 - 0% - 40%
44 Forward
1 - 0% - 60%
2 - 0% - 40%
44 Defense
1 - 0% - 60%
2 - 0% - 40%
Last Minute Offensive - 0:49
Last Minute Defensive - 0:00
Total
Forward - 60:00
Defense - 60:00
|
% Time on Ice - Bruins
Lines # - Real PCT - Wanted PCT - Time Play
Normal Forward
1 - 31% - 40% - 12:48
2 - 30% - 30% - 12:25
3 - 25% - 20% - 10:00
4 - 14% - 10% - 5:34
Normal Defense
1 - 37% - 40% - 15:11
2 - 37% - 30% - 15:15
3 - 24% - 20% - 9:56
4 - 1% - 10% - 0:25
PP Forward
1 - 54% - 60% - 5:30
2 - 46% - 40% - 4:40
PP Defense
1 - 60% - 60% - 6:06
2 - 40% - 40% - 4:04
PK Forward
1 - 72% - 60% - 5:57
2 - 28% - 40% - 2:17
PK Defense
1 - 62% - 60% - 5:04
2 - 38% - 40% - 3:10
PK3 Forward
1 - 0% - 60%
2 - 0% - 40%
PK3 Defense
1 - 0% - 60%
2 - 0% - 40%
44 Forward
1 - 0% - 60%
2 - 0% - 40%
44 Defense
1 - 0% - 60%
2 - 0% - 40%
Last Minute Offensive - 0:00
Last Minute Defensive - 0:49
Total
Forward - 60:00
Defense - 60:00
|
Play-by-Play
1st period
0:01 of 1st period - Robert Nilsson wins face-off versus Nathan Horton in neutral zone.
1:03 of 1st period - Wrist shot by Rene Bourque.
1:03 of 1st period - Shot Blocked by Danny Richmond.
1:26 of 1st period - Nikolai Zherdev is hit by Reilly Smith and loses puck.
1:41 of 1st period - Snap shot by Wojtek Wolski.
1:41 of 1st period - Shot Blocked by Kris Versteeg.
1:43 of 1st period - Slapshot by Torey Krug.
1:43 of 1st period - Stopped by Jaroslav Halak without a rebound.
1:44 of 1st period - Henrik Sedin wins face-off versus Robert Nilsson in Lightning zone.
1:53 of 1st period - Wrist shot by Robert Nilsson.
1:53 of 1st period - Stopped by Kevin Poulin with a rebound.
2:05 of 1st period - Slapshot by Robert Nilsson.
2:05 of 1st period - Shot Misses the Net.
2:07 of 1st period - Wrist shot by Kris Versteeg.
2:07 of 1st period - Shot Blocked by Justin Faulk.
2:09 of 1st period - Snap shot by Kurt Sauer.
2:09 of 1st period - Shot Blocked by Matt Cooke.
2:11 of 1st period - Slapshot by Justin Schultz.
2:11 of 1st period - Shot Blocked by Justin Faulk.
2:13 of 1st period - Slapshot by Henrik Zetterberg.
2:13 of 1st period - Shot Misses the Net.
2:17 of 1st period - Snap shot by Henrik Zetterberg.
2:17 of 1st period - Shot Misses the Net.
2:19 of 1st period - Backhand shot by Henrik Zetterberg.
2:19 of 1st period - Shot Blocked by Matt Cooke.
2:21 of 1st period - Wrist shot by Kris Versteeg.
2:21 of 1st period - Deflect By Robert Nilsson.
2:21 of 1st period - Shot Misses the Net.
2:21 of 1st period - Puck is out of play.
2:22 of 1st period - Henrik Sedin wins face-off versus Jordan Nolan in Bruins zone.
2:27 of 1st period - Snap shot by Wojtek Wolski.
2:27 of 1st period - Shot Misses the Net.
3:19 of 1st period - Slapshot by Kevin Bieksa.
3:19 of 1st period - Goal by Kevin Bieksa - Lightning : 0 - Bruins : 1.
3:20 of 1st period - Jordan Nolan wins face-off versus Henrik Sedin in neutral zone.
3:35 of 1st period - Off-side.
3:36 of 1st period - Tim Connolly wins face-off versus Robert Nilsson in neutral zone.
3:57 of 1st period - Minor Penalty to Kris Versteeg for Charging.
3:58 of 1st period - Robert Nilsson wins face-off versus Henrik Sedin in Lightning zone.
4:14 of 1st period - Backhand shot by Henrik Sedin.
4:14 of 1st period - Stopped by Jaroslav Halak with a rebound.
4:24 of 1st period - Matt Cooke is hit by Jeff Schultz.
4:28 of 1st period - Matt Cooke is hit by Robert Nilsson and loses puck.
5:34 of 1st period - Jason Demers is hit by Jeff Schultz and loses puck.
5:57 of 1st period - Penalty to Kris Versteeg is over, Kris Versteeg is back on ice.
6:03 of 1st period - Slapshot by Justin Schultz.
6:03 of 1st period - Stopped by Kevin Poulin without a rebound.
6:04 of 1st period - Mikael Backlund wins face-off versus Casey Cizikas in Bruins zone.
6:29 of 1st period - Kris Versteeg is hit by Justin Faulk and loses puck.
7:27 of 1st period - Jan Bulis is hit by Kevin Bieksa and loses puck.
7:54 of 1st period - Snap shot by Robert Nilsson.
7:54 of 1st period - Shot Misses the Net.
8:10 of 1st period - Snap shot by Pierre-Luc Létourneau.
8:10 of 1st period - Stopped by Kevin Poulin with a rebound.
8:36 of 1st period - Icing by Wojtek Wolski.
8:37 of 1st period - Henrik Sedin wins face-off versus Robert Nilsson in Bruins zone.
8:37 of 1st period - Henrik Sedin is hit by Henrik Zetterberg.
8:42 of 1st period - Minor Penalty to Henrik Zetterberg for Interference.
8:43 of 1st period - Henrik Sedin wins face-off versus Robert Nilsson in Lightning zone.
8:53 of 1st period - Snap shot by Wojtek Wolski.
8:53 of 1st period - Shot Misses the Net.
8:55 of 1st period - Slapshot by Jason Demers.
8:55 of 1st period - Stopped by Jaroslav Halak with a rebound.
9:13 of 1st period - Wrist shot by Henrik Sedin.
9:13 of 1st period - Shot Blocked by Jan Bulis.
9:15 of 1st period - Slapshot by Jason Demers.
9:15 of 1st period - Stopped by Jaroslav Halak with a rebound.
9:17 of 1st period - Snap shot by Henrik Sedin.
9:17 of 1st period - Shot Misses the Net.
9:19 of 1st period - Snap shot by Nathan Horton.
9:19 of 1st period - Shot Blocked by Jeff Schultz.
9:21 of 1st period - Wrist shot by Wojtek Wolski.
9:21 of 1st period - Stopped by Jaroslav Halak without a rebound.
9:22 of 1st period - Robert Nilsson wins face-off versus Tim Connolly in Lightning zone.
9:31 of 1st period - Snap shot by Tim Connolly.
9:31 of 1st period - Shot Misses the Net.
9:37 of 1st period - Snap shot by Matt Cooke.
9:37 of 1st period - Shot Misses the Net.
10:31 of 1st period - Tim Connolly is hit by Jordan Nolan and loses puck.
10:42 of 1st period - Penalty to Henrik Zetterberg is over, Henrik Zetterberg is back on ice.
10:50 of 1st period - Wrist shot by Henrik Zetterberg.
10:50 of 1st period - Shot Blocked by Kevin Bieksa.
10:52 of 1st period - Slapshot by Kurt Sauer.
10:52 of 1st period - Stopped by Kevin Poulin without a rebound.
10:53 of 1st period - Dave Bolland wins face-off versus Mikael Backlund in Bruins zone.
11:17 of 1st period - Snap shot by Viktor Stalberg.
11:17 of 1st period - Stopped by Jaroslav Halak without a rebound.
11:18 of 1st period - Robert Nilsson wins face-off versus Henrik Sedin in Lightning zone.
11:23 of 1st period - Wrist shot by Kris Versteeg.
11:23 of 1st period - Stopped by Kevin Poulin with a rebound.
11:39 of 1st period - Minor Penalty to Danny Richmond for Tripping.
11:40 of 1st period - Henrik Sedin wins face-off versus Robert Nilsson in Lightning zone.
11:55 of 1st period - Slapshot by Wojtek Wolski.
11:55 of 1st period - Stopped by Jaroslav Halak with a rebound.
12:11 of 1st period - Snap shot by Victor Oreskovich.
12:11 of 1st period - Stopped by Jaroslav Halak without a rebound.
12:12 of 1st period - Henrik Zetterberg wins face-off versus Henrik Sedin in Lightning zone.
13:15 of 1st period - Snap shot by Henrik Zetterberg.
13:15 of 1st period - Stopped by Kevin Poulin without a rebound.
13:16 of 1st period - Henrik Zetterberg wins face-off versus Tim Connolly in Bruins zone.
13:39 of 1st period - Penalty to Danny Richmond is over, Danny Richmond is back on ice.
13:44 of 1st period - Slapshot by John Carlson.
13:44 of 1st period - Shot Misses the Net.
14:29 of 1st period - Wrist shot by Jordan Nolan.
14:29 of 1st period - Shot Misses the Net.
14:31 of 1st period - Snap shot by Jordan Nolan.
14:31 of 1st period - Stopped by Kevin Poulin with a rebound.
14:48 of 1st period - Snap shot by Nathan Horton.
14:48 of 1st period - Shot Misses the Net.
14:58 of 1st period - Justin Faulk is hit by Danny Richmond and loses puck.
15:17 of 1st period - Kurt Sauer is hit by Viktor Stalberg and loses puck.
15:30 of 1st period - Minor Penalty to Jason Demers for Holding.
15:31 of 1st period - Wojtek Wolski wins face-off versus Robert Nilsson in Bruins zone.
15:48 of 1st period - Wrist shot by Henrik Zetterberg.
15:48 of 1st period - Shot Misses the Net.
15:58 of 1st period - Stefan Elliott is hit by John Carlson and loses puck.
16:33 of 1st period - Shane O'Brien is hit by Andy Rogers and loses puck.
17:30 of 1st period - Penalty to Jason Demers is over, Jason Demers is back on ice.
17:33 of 1st period - Off-side.
17:34 of 1st period - Tim Connolly wins face-off versus Jan Bulis in neutral zone.
17:39 of 1st period - Gabriel Landeskog is hit by Matt Cooke and loses puck.
17:50 of 1st period - Slapshot by Kurt Sauer.
17:50 of 1st period - Stopped by Kevin Poulin without a rebound.
17:51 of 1st period - Jordan Nolan wins face-off versus Nathan Horton in Bruins zone.
19:02 of 1st period - Slapshot by John Carlson.
19:02 of 1st period - Stopped by Kevin Poulin without a rebound.
19:03 of 1st period - Henrik Sedin wins face-off versus Pierre-Luc Létourneau in Bruins zone.
19:37 of 1st period - Snap shot by Tim Connolly.
19:37 of 1st period - Stopped by Jaroslav Halak with a rebound.
Goals for this period are 0 for Lightning vs 1 for Bruins.
Shots for this period are 9 for Lightning vs 10 for Bruins.
2nd period
0:01 of 2nd period - Henrik Sedin wins face-off versus Robert Nilsson in neutral zone.
0:07 of 2nd period - Snap shot by Wojtek Wolski.
0:07 of 2nd period - Shot Misses the Net.
0:36 of 2nd period - Slapshot by Danny Richmond.
0:36 of 2nd period - Stopped by Kevin Poulin without a rebound.
0:37 of 2nd period - Jordan Nolan wins face-off versus Henrik Sedin in Bruins zone.
0:50 of 2nd period - Sheldon Keefe is hit by Nathan Horton and loses puck.
1:42 of 2nd period - Torey Krug is hit by Jan Bulis and loses puck.
1:51 of 2nd period - Rene Bourque is hit by Jeff Schultz and loses puck.
2:18 of 2nd period - Snap shot by Steve Bernier.
2:18 of 2nd period - Stopped by Kevin Poulin without a rebound.
2:19 of 2nd period - Robert Nilsson wins face-off versus Henrik Sedin in Bruins zone.
2:22 of 2nd period - Snap shot by Robert Nilsson.
2:22 of 2nd period - Shot Misses the Net.
2:55 of 2nd period - Wrist shot by Jordan Nolan.
2:55 of 2nd period - Stopped by Kevin Poulin without a rebound.
2:56 of 2nd period - Robert Nilsson wins face-off versus Henrik Sedin in Bruins zone.
3:15 of 2nd period - Justin Schultz is hit by Henrik Sedin and loses puck.
3:26 of 2nd period - Shane O'Brien is hit by Jordan Nolan.
5:00 of 2nd period - Slapshot by Victor Oreskovich.
5:00 of 2nd period - Stopped by Jaroslav Halak without a rebound.
5:01 of 2nd period - Henrik Sedin wins face-off versus Jan Bulis in Lightning zone.
5:08 of 2nd period - Wrist shot by Wojtek Wolski.
5:08 of 2nd period - Stopped by Jaroslav Halak with a rebound.
5:10 of 2nd period - Snap shot by Henrik Sedin.
5:10 of 2nd period - Stopped by Jaroslav Halak without a rebound.
5:11 of 2nd period - Gabriel Landeskog wins face-off versus Henrik Sedin in Lightning zone.
5:13 of 2nd period - Minor Penalty to Danny Richmond for Holding.
5:14 of 2nd period - Henrik Sedin wins face-off versus Robert Nilsson in Lightning zone.
5:18 of 2nd period - Snap shot by Henrik Sedin.
5:18 of 2nd period - Shot Misses the Net.
5:20 of 2nd period - Slapshot by Shane O'Brien.
5:20 of 2nd period - Shot Misses the Net.
5:24 of 2nd period - Snap shot by Henrik Sedin.
5:24 of 2nd period - Shot Misses the Net.
5:26 of 2nd period - Slapshot by Jason Demers.
5:26 of 2nd period - Shot Blocked by Jeff Schultz.
5:28 of 2nd period - Snap shot by Shane O'Brien.
5:28 of 2nd period - Shot Misses the Net.
5:30 of 2nd period - Snap shot by Wojtek Wolski.
5:30 of 2nd period - Shot Blocked by Robert Nilsson.
5:40 of 2nd period - John Carlson is hit by Victor Oreskovich and loses puck.
7:13 of 2nd period - Penalty to Danny Richmond is over, Danny Richmond is back on ice.
7:20 of 2nd period - Torey Krug is hit by Kurt Sauer and loses puck.
7:44 of 2nd period - Icing by Jordan Nolan.
7:45 of 2nd period - Jordan Nolan wins face-off versus Dave Bolland in Lightning zone.
7:58 of 2nd period - Wrist shot by Daniel Carcillo.
7:58 of 2nd period - Shot Blocked by Rene Bourque.
8:00 of 2nd period - Slapshot by Kurt Sauer.
8:00 of 2nd period - Shot Misses the Net.
8:36 of 2nd period - Snap shot by Wojtek Wolski.
8:36 of 2nd period - Stopped by Jaroslav Halak with a rebound.
8:38 of 2nd period - Slapshot by Henrik Sedin.
8:38 of 2nd period - Shot Misses the Net.
8:40 of 2nd period - Backhand shot by Stefan Elliott.
8:40 of 2nd period - Deflect By Jeff Schultz.
8:40 of 2nd period - Stopped by Jaroslav Halak without a rebound.
8:41 of 2nd period - Henrik Sedin wins face-off versus Robert Nilsson in Lightning zone.
8:57 of 2nd period - Wrist shot by Robert Nilsson.
8:57 of 2nd period - Stopped by Kevin Poulin with a rebound.
9:10 of 2nd period - Off-side.
9:11 of 2nd period - Jordan Nolan wins face-off versus Tim Connolly in neutral zone.
9:43 of 2nd period - Slapshot by John Carlson.
9:43 of 2nd period - Shot Blocked by Tim Connolly.
11:12 of 2nd period - Sheldon Keefe is hit by Kevin Bieksa and loses puck.
11:21 of 2nd period - Wrist shot by Tim Connolly.
11:21 of 2nd period - Stopped by Jaroslav Halak with a rebound.
11:23 of 2nd period - Slapshot by Torey Krug.
11:23 of 2nd period - Stopped by Jaroslav Halak without a rebound.
11:24 of 2nd period - Henrik Sedin wins face-off versus Kris Versteeg in Lightning zone.
11:34 of 2nd period - Minor Penalty to Kris Versteeg for Roughing.
11:35 of 2nd period - Henrik Sedin wins face-off versus Robert Nilsson in Lightning zone.
11:37 of 2nd period - Wrist shot by Henrik Sedin.
11:37 of 2nd period - Stopped by Jaroslav Halak without a rebound.
11:38 of 2nd period - Henrik Sedin wins face-off versus Jan Bulis in Lightning zone.
11:45 of 2nd period - Wrist shot by Wojtek Wolski.
11:45 of 2nd period - Shot Misses the Net.
11:47 of 2nd period - Slapshot by Shane O'Brien.
11:47 of 2nd period - Stopped by Jaroslav Halak with a rebound.
11:49 of 2nd period - Slapshot by Jason Demers.
11:49 of 2nd period - Goal by Jason Demers - Lightning : 0 - Bruins : 2.
11:50 of 2nd period - Robert Nilsson wins face-off versus Wojtek Wolski in neutral zone.
11:57 of 2nd period - Snap shot by Henrik Zetterberg.
11:57 of 2nd period - Stopped by Kevin Poulin without a rebound.
11:58 of 2nd period - Robert Nilsson wins face-off versus Henrik Sedin in Bruins zone.
12:27 of 2nd period - Snap shot by Henrik Zetterberg.
12:27 of 2nd period - Stopped by Kevin Poulin with a rebound.
12:31 of 2nd period - Wrist shot by Henrik Zetterberg.
12:31 of 2nd period - Stopped by Kevin Poulin without a rebound.
12:32 of 2nd period - Tim Connolly wins face-off versus Jordan Nolan in Bruins zone.
12:34 of 2nd period - Minor Penalty to Kevin Bieksa for Hooking.
12:35 of 2nd period - Wojtek Wolski wins face-off versus Robert Nilsson in Bruins zone.
12:47 of 2nd period - Slapshot by John Carlson.
12:47 of 2nd period - Stopped by Kevin Poulin without a rebound.
12:48 of 2nd period - Wojtek Wolski wins face-off versus Robert Nilsson in Bruins zone.
14:34 of 2nd period - Penalty to Kevin Bieksa is over, Kevin Bieksa is back on ice.
15:08 of 2nd period - Snap shot by Kris Chucko.
15:08 of 2nd period - Shot Blocked by Kurt Sauer.
16:19 of 2nd period - Kevin Bieksa is hit by Mikael Backlund and loses puck.
16:36 of 2nd period - Tim Connolly is hit by Kris Versteeg and loses puck.
16:53 of 2nd period - Sheldon Keefe is hit by Viktor Stalberg and loses puck.
17:35 of 2nd period - Minor Penalty to Kevin Bieksa for Roughing.
17:36 of 2nd period - Robert Nilsson wins face-off versus Wojtek Wolski in Bruins zone.
17:45 of 2nd period - Snap shot by Henrik Zetterberg.
17:45 of 2nd period - Shot Misses the Net.
17:47 of 2nd period - Slapshot by Jeff Schultz.
17:47 of 2nd period - Shot Misses the Net.
17:49 of 2nd period - Slapshot by John Carlson.
17:49 of 2nd period - Stopped by Kevin Poulin with a rebound.
18:31 of 2nd period - Slapshot by Jason Demers.
18:31 of 2nd period - Stopped by Jaroslav Halak without a rebound.
18:32 of 2nd period - Tim Connolly wins face-off versus Jordan Nolan in Lightning zone.
19:35 of 2nd period - Penalty to Kevin Bieksa is over, Kevin Bieksa is back on ice.
Goals for this period are 0 for Lightning vs 1 for Bruins.
Shots for this period are 9 for Lightning vs 11 for Bruins.
3rd period
0:01 of 3rd period - Robert Nilsson wins face-off versus Henrik Sedin in neutral zone.
0:51 of 3rd period - Snap shot by Gabriel Landeskog.
0:51 of 3rd period - Shot Hit the Post.
0:53 of 3rd period - Snap shot by Jan Bulis.
0:53 of 3rd period - Goal by Jan Bulis - Lightning : 1 - Bruins : 2.
0:54 of 3rd period - Robert Nilsson wins face-off versus Henrik Sedin in neutral zone.
1:21 of 3rd period - Victor Oreskovich is hit by Sheldon Keefe and loses puck.
1:54 of 3rd period - Snap shot by Viktor Stalberg.
1:54 of 3rd period - Shot Misses the Net.
2:06 of 3rd period - Snap shot by Steve Bernier.
2:06 of 3rd period - Stopped by Kevin Poulin with a rebound.
2:08 of 3rd period - Slapshot by Steve Bernier.
2:08 of 3rd period - Shot Blocked by Kris Chucko.
2:34 of 3rd period - Snap shot by Robert Nilsson.
2:34 of 3rd period - Deflect By Wojtek Wolski.
2:34 of 3rd period - Shot Misses the Net.
2:34 of 3rd period - Puck is out of play.
2:35 of 3rd period - Henrik Sedin wins face-off versus Robert Nilsson in Bruins zone.
2:42 of 3rd period - Wrist shot by Henrik Zetterberg.
2:42 of 3rd period - Stopped by Kevin Poulin without a rebound.
2:43 of 3rd period - Henrik Sedin wins face-off versus Robert Nilsson in Bruins zone.
3:06 of 3rd period - Snap shot by Robert Nilsson.
3:06 of 3rd period - Stopped by Kevin Poulin without a rebound.
3:07 of 3rd period - Tim Connolly wins face-off versus Jordan Nolan in Bruins zone.
3:32 of 3rd period - Snap shot by Steve Bernier.
3:32 of 3rd period - Deflect By Jan Bulis.
3:32 of 3rd period - Stopped by Kevin Poulin without a rebound.
3:33 of 3rd period - Henrik Sedin wins face-off versus Jan Bulis in Bruins zone.
3:33 of 3rd period - Henrik Sedin is hit by John Carlson.
3:38 of 3rd period - Off-side.
3:39 of 3rd period - Henrik Sedin wins face-off versus Jan Bulis in neutral zone.
3:51 of 3rd period - Minor Penalty to John Carlson for Charging.
3:52 of 3rd period - Nathan Horton wins face-off versus Robert Nilsson in Lightning zone.
5:51 of 3rd period - Penalty to John Carlson is over, John Carlson is back on ice.
6:04 of 3rd period - Snap shot by Nikolai Zherdev.
6:04 of 3rd period - Stopped by Jaroslav Halak with a rebound.
6:06 of 3rd period - Snap shot by Justin Faulk.
6:06 of 3rd period - Shot Misses the Net.
6:08 of 3rd period - Slapshot by Justin Faulk.
6:08 of 3rd period - Stopped by Jaroslav Halak with a rebound.
6:10 of 3rd period - Snap shot by Nikolai Zherdev.
6:10 of 3rd period - Stopped by Jaroslav Halak with a rebound.
6:22 of 3rd period - Wrist shot by Viktor Stalberg.
6:22 of 3rd period - Stopped by Jaroslav Halak without a rebound.
6:23 of 3rd period - Jordan Nolan wins face-off versus Viktor Stalberg in Lightning zone.
6:23 of 3rd period - Jordan Nolan is hit by Viktor Stalberg.
6:55 of 3rd period - Snap shot by Justin Schultz.
6:55 of 3rd period - Shot Misses the Net.
6:57 of 3rd period - Slapshot by Jan Bulis.
6:57 of 3rd period - Stopped by Kevin Poulin with a rebound.
6:59 of 3rd period - Snap shot by Jan Bulis.
6:59 of 3rd period - Stopped by Kevin Poulin with a rebound.
7:23 of 3rd period - Slapshot by Mikael Backlund.
7:23 of 3rd period - Stopped by Kevin Poulin without a rebound.
7:24 of 3rd period - Jordan Nolan wins face-off versus Matt Cooke in Bruins zone.
7:35 of 3rd period - Wrist shot by John Carlson.
7:35 of 3rd period - Stopped by Kevin Poulin with a rebound.
7:37 of 3rd period - Slapshot by Jeff Schultz.
7:37 of 3rd period - Deflect By Daniel Carcillo.
7:37 of 3rd period - Shot Misses the Net.
7:37 of 3rd period - Puck is out of play.
7:38 of 3rd period - Henrik Sedin wins face-off versus Robert Nilsson in Bruins zone.
7:38 of 3rd period - Henrik Sedin is hit by Kris Versteeg.
8:04 of 3rd period - Daniel Carcillo is hit by Victor Oreskovich and loses puck.
8:10 of 3rd period - Off-side.
8:11 of 3rd period - Robert Nilsson wins face-off versus Tim Connolly in neutral zone.
8:51 of 3rd period - Minor Penalty to Nathan Horton for Holding.
8:52 of 3rd period - Wojtek Wolski wins face-off versus Kris Versteeg in Bruins zone.
8:59 of 3rd period - Snap shot by Wojtek Wolski.
8:59 of 3rd period - Stopped by Jaroslav Halak without a rebound.
9:00 of 3rd period - Henrik Sedin wins face-off versus Robert Nilsson in Lightning zone.
9:11 of 3rd period - Kevin Bieksa is hit by John Carlson and loses puck.
9:16 of 3rd period - Wrist shot by Robert Nilsson.
9:16 of 3rd period - Stopped by Kevin Poulin with a rebound.
9:18 of 3rd period - Slapshot by John Carlson.
9:18 of 3rd period - Deflect By Henrik Zetterberg.
9:18 of 3rd period - Shot Misses the Net.
9:18 of 3rd period - Puck is out of play.
9:19 of 3rd period - Jordan Nolan wins face-off versus Wojtek Wolski in Bruins zone.
9:32 of 3rd period - Slapshot by Jordan Nolan.
9:32 of 3rd period - Shot Blocked by Jason Demers.
9:44 of 3rd period - Jason Demers is hit by Robert Nilsson and loses puck.
10:51 of 3rd period - Penalty to Nathan Horton is over, Nathan Horton is back on ice.
12:23 of 3rd period - Kris Chucko is hit by Steve Bernier.
12:35 of 3rd period - Kevin Bieksa is hit by Jordan Nolan.
12:39 of 3rd period - Jordan Nolan is hit by Torey Krug.
12:51 of 3rd period - Slapshot by John Carlson.
12:51 of 3rd period - Shot Hit the Post.
13:16 of 3rd period - Snap shot by Dave Bolland.
13:16 of 3rd period - Stopped by Jaroslav Halak with a rebound.
13:33 of 3rd period - Icing by Stefan Elliott.
13:34 of 3rd period - Tim Connolly wins face-off versus Jan Bulis in Bruins zone.
13:57 of 3rd period - Off-side.
13:58 of 3rd period - Robert Nilsson wins face-off versus Henrik Sedin in neutral zone.
14:25 of 3rd period - Slapshot by Jason Demers.
14:25 of 3rd period - Stopped by Jaroslav Halak with a rebound.
15:25 of 3rd period - Snap shot by Wojtek Wolski.
15:25 of 3rd period - Shot Misses the Net.
15:27 of 3rd period - Snap shot by Justin Faulk.
15:27 of 3rd period - Shot Misses the Net.
15:29 of 3rd period - Slapshot by Stefan Elliott.
15:29 of 3rd period - Stopped by Jaroslav Halak with a rebound.
15:31 of 3rd period - Wrist shot by Wojtek Wolski.
15:31 of 3rd period - Shot Misses the Net.
15:33 of 3rd period - Snap shot by Henrik Sedin.
15:33 of 3rd period - Stopped by Jaroslav Halak without a rebound.
15:34 of 3rd period - Robert Nilsson wins face-off versus Dave Bolland in Lightning zone.
16:01 of 3rd period - Torey Krug is hit by Jordan Nolan and loses puck.
16:25 of 3rd period - Snap shot by Justin Faulk.
16:25 of 3rd period - Shot Misses the Net.
16:52 of 3rd period - Wrist shot by Victor Oreskovich.
16:52 of 3rd period - Stopped by Jaroslav Halak with a rebound.
17:12 of 3rd period - Kevin Bieksa is hit by Kris Versteeg and loses puck.
17:49 of 3rd period - Wrist shot by Henrik Zetterberg.
17:49 of 3rd period - Deflect By Kris Versteeg.
17:49 of 3rd period - Stopped by Kevin Poulin without a rebound.
17:50 of 3rd period - Jan Bulis wins face-off versus Dave Bolland in Bruins zone.
17:53 of 3rd period - Slapshot by Gabriel Landeskog.
17:53 of 3rd period - Stopped by Kevin Poulin without a rebound.
17:54 of 3rd period - Jan Bulis wins face-off versus Dave Bolland in Bruins zone.
17:57 of 3rd period - Snap shot by Steve Bernier.
17:57 of 3rd period - Stopped by Kevin Poulin with a rebound.
18:05 of 3rd period - Slapshot by Viktor Stalberg.
18:05 of 3rd period - Stopped by Jaroslav Halak with a rebound.
18:07 of 3rd period - Slapshot by Shane O'Brien.
18:07 of 3rd period - Stopped by Jaroslav Halak without a rebound.
18:08 of 3rd period - Dave Bolland wins face-off versus Jan Bulis in Lightning zone.
18:25 of 3rd period - Viktor Stalberg is hit by Steve Bernier and loses puck.
18:40 of 3rd period - Snap shot by Kris Chucko.
18:40 of 3rd period - Stopped by Jaroslav Halak without a rebound.
18:41 of 3rd period - Kris Chucko wins face-off versus Robert Nilsson in Lightning zone.
18:48 of 3rd period - Lightning , Jaroslav Halak is pulled from the net.
18:48 of 3rd period - Snap shot by Kris Versteeg.
18:48 of 3rd period - Shot Misses the Net.
18:50 of 3rd period - Snap shot by Kris Versteeg.
18:50 of 3rd period - Shot Blocked by Kevin Bieksa.
18:52 of 3rd period - Slapshot by Danny Richmond.
18:52 of 3rd period - Stopped by Kevin Poulin without a rebound.
18:53 of 3rd period - Mike Babcock call a timeout for Lightning .
18:53 of 3rd period - Henrik Zetterberg wins face-off versus Nathan Horton in Bruins zone.
19:01 of 3rd period - Off-side.
19:02 of 3rd period - Henrik Sedin wins face-off versus Robert Nilsson in neutral zone.
19:05 of 3rd period - Henrik Zetterberg is hit by Wojtek Wolski and loses puck.
19:24 of 3rd period - Snap shot by Henrik Zetterberg.
19:24 of 3rd period - Shot Misses the Net.
19:26 of 3rd period - Snap shot by John Carlson.
19:26 of 3rd period - Shot Blocked by Shane O'Brien.
19:41 of 3rd period - Minor Penalty to Shane O'Brien for Holding.
19:42 of 3rd period - Wojtek Wolski wins face-off versus Jordan Nolan in Bruins zone.
19:42 of 3rd period - Wojtek Wolski is hit by Sheldon Keefe.
19:53 of 3rd period - Slapshot by Andy Rogers.
19:53 of 3rd period - Deflect By Henrik Sedin.
19:53 of 3rd period - Stopped by Kevin Poulin without a rebound.
19:54 of 3rd period - Wojtek Wolski wins face-off versus Kris Versteeg in Bruins zone.
19:54 of 3rd period - Wojtek Wolski is hit by Henrik Zetterberg.
Goals for this period are 1 for Lightning vs 0 for Bruins.
Shots for this period are 15 for Lightning vs 13 for Bruins.
Back to the Top